 Dungeon Crawl Stone Soup version 0.17-a0-1129-g5854844 (webtiles) character file.

411 HEYYEYAAE the Changer (level 6, -5/42 HPs)
             Began as an Octopode Transmuter on May 24, 2015.
             Killed by divine providence
             ... invoked by an orc priest
              (17 damage)
             ... on level 3 of the Dungeon.
             The game lasted 00:04:12 (2948 turns).

HEYYEYAAE the Changer (Octopode Transmuter)         Turns: 2948, Time: 00:04:12

Health: -5/42      AC:  1    Str:  9    XL:     6   Next: 90%
Magic:  8/9        EV: 13    Int: 16    God:
Gold:   187        SH:  0    Dex: 14    Spells: 2 memorised, 5 levels left

rFire  . . .     SeeInvis .     d - +2 short sword (venom)
rCold  . . .     Clarity  +     (no shield)
rNeg   . . .     SustAt   .     (helmet restricted)
rPois  .         Gourm    .     r - amulet of clarity
rElec  .         Spirit   .     (no ring)
rCorr  .         Warding  .     (no ring)
rMut   .         Stasis   .     (no ring)
MR     .....                    (no ring)
Stlth  ++........               (no ring)
                                (no ring)
                                (no ring)
                                (no ring)

@: appendage, drained, not resistant to hostile enchantments, unstealthy
A: almost no armour, amphibious, 8 rings, constrict 8, tentacle spike 3,
camouflage 1, gelatinous body 1
a: End Transformation


You were on level 3 of the Dungeon.
You were hungry.
One of your tentacles had a temporary spike.
You visited 1 branch of the dungeon, and saw 4 of its levels.

You collected 187 gold pieces.

Inventory:

Hand weapons
 d - a +2 short sword of venom (weapon)
Missiles
 a - 96 arrows
Jewellery
 r - an amulet of clarity (around mantle)
Scrolls
 e - a scroll of fog
 f - a scroll of magic mapping {unknown}
 h - 3 scrolls of blinking
 m - a scroll of immolation
 p - 2 scrolls of fear
 q - 3 scrolls of teleportation
 u - a scroll of amnesia
Potions
 k - 3 potions of curing
 s - a potion of poison
 t - a potion of cure mutation {unknown}
 v - 2 potions of agility {unknown}
 x - a potion of ambrosia {unknown}
 z - a potion of mutation {unknown}
Books
 b - a book of Changes

   Spells                             Type                      Level
   a - Beastly Appendage              Transmutation                1
   b - Sticks to Snakes               Transmutation                2
   c - Spider Form                    Transmutation/Poison         3
   d - Ice Form                       Ice/Transmutation            4
   e - Blade Hands                    Transmutation                5
Comestibles
 c - 3 bread rations
 g - a slice of pizza
 j - a beef jerky


   Skills:
 + Level 3.0(2.5) Fighting
 + Level 3.6(3.0) Dodging
 - Level 3.0(2.4) Unarmed Combat
 + Level 2.6(2.0) Spellcasting
 * Level 5.2(4.6) Transmutations


You had 5 spell levels left.
You knew the following spells:

 Your Spells              Type           Power        Failure   Level  Hunger
a - Beastly Appendage     Trmt           ###...       3%          1    #......
b - Ice Form              Ice/Trmt       #.......     85%         4    #####..


Dungeon Overview and Level Annotations

Branches:
Dungeon (4/15)
 Temple: D:4-7

Altars:
Cheibriados
Qazlal
Yredelemnul
The Shining One

Annotations:
D:4 requice's ghost, average MiBe


Innate Abilities, Weirdness & Mutations

You cannot wear most types of armour.
You are amphibious.
You can wear up to eight rings at the same time.
You can use your tentacles to constrict eight enemies at once.
Your skin changes colour to match your surroundings (Stealth).
Your rubbery body absorbs attacks (AC +1).
One of your tentacles bears a large vicious spike.


Message History

You continue eating. x2
The orc priest hits you with a flail of draining.
You feel drained.
Casting: Beastly Appendage
Confirm with . or Enter, or press ? or * to list all spells.
One of your tentacles grows a vicious spike.
The orc wizard gestures at you while chanting.
The magic dart hits you!
Unknown command.
You hit the orc priest.
The orc priest is poisoned.
Your grab misses the orc priest.
The orc priest is lightly wounded.
The orc priest hits you with a flail of draining!
You feel drained.
* * * LOW HITPOINT WARNING * * *
The orc wizard casts a spell.
You feel troubled.
The orc priest invokes the aid of Beogh against you.
Something smites you!
You die...

####.####
#...............#
#.......#
#.........###...#
#.##.##.#
#..............## #
#.##.#
#.........####...
#....#
#.......######.##
#.#####.###.......#
#....#
#......oooo>......#
#.####
#####.#.##)########
#.# #.#.##@# #.#
#.#....# ######.#
#.####.#####......#
#.#........)....###
#......##.##.##.#
###)##.......##.#
#.#####.#####.#
#.#####.#####.#
#.............#


You could see an orc priest and an orc wizard.

Vanquished Creatures
  Sigmund (D:3)
  A giant frog skeleton (D:3)
  A hound (D:4)
  Jessica (D:3)
  2 orc wizards
  A worker ant (D:4)
  3 adders
  An ooze (D:1)
  3 giant geckos
  6 orcs
  A ball python (D:1)
  4 bats
  12 goblins
  9 hobgoblins
  4 kobolds
  3 quokkas
  2 giant newts
  7 jackals
  2 rats
64 creatures vanquished.

Vanquished Creatures (others)
  A giant gecko (D:3)
1 creature vanquished.

Grand Total: 65 creatures vanquished

Notes
Turn   | Place    | Note
--------------------------------------------------------------
     0 | D:1      | HEYYEYAAE the Octopode Transmuter began the quest for the Orb.
     0 | D:1      | Reached XP level 1. HP: 13/13 MP: 3/3
   107 | D:1      | Reached XP level 2. HP: 9/18 MP: 3/5
   916 | D:1      | Reached XP level 3. HP: 23/23 MP: 6/6
   954 | D:2      | Found a glowing golden altar of the Shining One.
  1658 | D:3      | Found a snail-covered altar of Cheibriados.
  1789 | D:3      | Reached XP level 4. HP: 12/29 MP: 7/7
  2074 | D:3      | Noticed Jessica
  2082 | D:3      | Killed Jessica
  2098 | D:3      | Found a glowing golden altar of the Shining One.
  2107 | D:3      | Found a basalt altar of Yredelemnul.
  2109 | D:3      | Noticed a profane servitor
  2238 | D:3      | Noticed Sigmund
  2284 | D:4      | Reached skill level 4 in Transmutations
  2284 | D:4      | Reached XP level 5. HP: 14/34 MP: 8/8
  2322 | D:4      | Learned a level 4 spell: Ice Form
  2646 | D:4      | Noticed requice's ghost (average MiBe)
  2684 | D:3      | Killed Sigmund
  2684 | D:3      | Reached skill level 5 in Transmutations
  2684 | D:3      | Reached XP level 6. HP: 23/41 MP: 7/9
  2707 | D:3      | Noticed an angel
  2848 | D:3      | Found a stormy altar of Qazlal.
  2948 | D:3      | Killed from afar by an orc priest

Vault maps used:
D:1:      minmay_arrival_up_and_down, minmay_shallow_snake_nest
D:2:      overflow_temple_1_default, serial_bayou_lagoon_a,
          minmay_misc_feat_rugged, nrook_mini_vaults, tso_metal_star
D:3:      cheibriados_altar_1, grunt_temple_overflow_holy_war,
          grunt_qazlal_sundering, uniq_sigmund, uniq_jessica
D:4:      minmay_temple_entry_overgrown, first_bread, hex_tiny,
          serial_park_tiny_2, corexii_checkpoint_a, hangedman_decor_slide_cut,
          minmay_misc_feat_doors, st_stairs_11

Action                   |  1- 3 |  4- 6 || total
-------------------------+-------+-------++-------
Melee: Short sword       |    70 |    64 ||   134
 Cast: Beastly Appendage |     7 |     7 ||    14
  Use: Potion            |       |     3 ||     3
       Scroll            |       |    12 ||    12
 Stab: Sleeping          |     7 |     4 ||    11
       Distracted        |     1 |     1 ||     2
  Eat: Chunk             |     3 |     3 ||     6
